 Dungeon Crawl Stone Soup version 0.27-a0-1308-gc08437e49b (webtiles) character file.

Game seed: 2785290408437851359

13 bilbop the Sneak (level 2, -5/18 HPs)
             Began as a Gargoyle Brigand on June 19, 2021.
             Killed from afar by Jessica (6 damage)
             ... with a puff of flame
             ... on level 2 of the Dungeon.
             The game lasted 00:04:18 (1274 turns).

bilbop the Sneak (Gargoyle Brigand)                 Turns: 1274, Time: 00:04:18

Health: -5/18      AC:  6    Str: 14    XL:     2   Next: 37%
Magic:  11/11      EV: 11    Int: 11    God:
Gold:   3          SH:  0    Dex: 11    Spells: 1/1 levels left

rFire    . . .     SeeInvis .   a - +2 dagger
rCold    . . .     Faith    .   (no shield)
rNeg     + . .     Spirit   .   h - +0 leather armour
rPois    ∞         Reflect  .   (no helmet)
rElec    +         Harm     .   c - +0 cloak
rCorr    .         Rampage  .   (no gloves)
Will     .....                  (no boots)
Stlth    ++........             (no amulet)
HPRegen  0.06/turn              f - ring of magical power
MPRegen  0.12/turn              (no ring)

@: no status effects
A: sickness immunity, AC +2, negative energy resistance 1, electricity
resistance, torment resistance 1, petrification resistance
a: no special abilities


You were on level 2 of the Dungeon.
You visited 1 branch of the dungeon, and saw 2 of its levels.

You collected 3 gold pieces.

Inventory:

Hand Weapons
 a - a +2 dagger (weapon)
Missiles
 d - 8 poisoned darts (quivered)
 e - 2 curare-tipped darts
Armour
 b - a +0 robe
 c - a +0 cloak (worn)
 h - a +0 leather armour (worn)
Jewellery
 f - a ring of magical power (left hand)
Scrolls
 i - a scroll of teleportation {unknown}
Potions
 g - a potion of experience {unknown}
 j - 3 potions of heal wounds {unknown}


   Skills:
 + Level 2.4 Fighting
 + Level 2.0 Short Blades
 + Level 2.0 Throwing
 + Level 1.0 Dodging
 + Level 4.5 Stealth


You had one spell level left.
You didn't know any spells.
Your spell library was empty.

Dungeon Overview and Level Annotations

Branches:
Dungeon (2/15)

Altars:

Annotations:
D:2 Jessica


Innate Abilities, Weirdness & Mutations

You are immune to sickness and miasma.
Your stone body is resilient. (AC +2)
You are immune to poison.
You resist negative energy. (rN+)
You are resistant to electric shocks. (rElec)
You are resistant to unholy torment.
You are immune to petrification.


Message History

You open the door.
There is an open door here.
You open the door.
There is an open door here.
There is a large open door here.
There is a large open door here.
Partly explored, can't reach some places.
There is a stone staircase leading down here.
You climb downwards.
A hobgoblin and Jessica come into view.
Jessica is wielding a +5 dagger of electrocution and carrying a wand of flame (18).
Found an inky potion and a hunting sling.
Found an escape hatch in the ceiling.
Found a stone staircase leading down.
There is a stone staircase leading up here.
Found 2 fizzy cyan potions.
Found 19 stones.
The helpless hobgoblin fails to defend itself.
You impale the hobgoblin!!
You kill the hobgoblin!
Jessica hits you with a +5 dagger of electrocution.
You closely miss Jessica.
Jessica zaps a wand.
The puff of flame hits you!
Ouch! That really hurt!
* * * LOW HITPOINT WARNING * * *
You hit Jessica.
Jessica is moderately wounded.
Jessica misses you.
You hit Jessica.
Jessica is severely wounded.
Jessica hits you with a +5 dagger of electrocution.
* * * LOW HITPOINT WARNING * * *
You hit Jessica.
Jessica is almost dead.
Jessica mumbles some strange words.
Jessica blinks!
Jessica casts a spell at you. You resist with some effort.
Found a stone staircase leading up.
Jessica shouts, "Stop bothering me, or I'll kill you!"
Jessica zaps a wand.
The puff of flame hits you.
You die...

♣ .♣
#############.♣
......†..<....♣
............!.♣
..............♣.
........<......♣
........@##.♣♣#♣
.........# .♣
..>......# .(
.........# .
.....)@.§#
!........#
####.###.. #.
..## #. .##


You could see Jessica.

Vanquished Creatures
  An adder zombie (D:1)
  3 goblins (D:1)
  A hobgoblin (D:2)
  A quokka (D:1)
  A ball python zombie (D:1)
  A bat (D:1)
  A frilled lizard (D:1)
  2 kobolds (D:1)
11 creatures vanquished.

Notes
Turn   | Place    | Note
-------+----------+-------------------------------------------
     0 | D:1      | bilbop the Gargoyle Brigand began the quest for the Orb.
     0 | D:1      | Reached XP level 1. HP: 12/12 MP: 1/1
   620 | D:1      | Reached skill level 1 in Dodging
   620 | D:1      | Reached XP level 2. HP: 18/18 MP: 2/2
  1258 | D:2      | Noticed Jessica
  1274 | D:2      | Killed from afar by Jessica

Illustrated notes

Levels and vault maps discovered:
D:1:      saegor_arrival_fortress, layout_basic, minmay_misc_feat_tower,
          nrook_loot_triangle, minivault_14
D:2:      layout_rooms, shapermc_ecumenical_altar_totnotflames, uniq_natasha,
          uniq_jessica

Skill      XL: |  1  2 |
---------------+-------+-----
Dodging        | 1 |  1.0
Short Blades   | 2 |  2.0
Throwing       | 2 |  2.0
Fighting       | |  2.4
Stealth        | |  4.5

Action                   || total
-------------------------++-------
Melee: Dagger            ||    41
 Stab: Sleeping          ||     3
Armor: Robe              ||     4
Dodge: Dodged            ||    21

Table legend: (Time is in decaauts)
 A = Elapsed time spent in this place.
 B = Non-inter-level travel time spent in this place.
 C = Inter-level travel time spent in this place.
 D = Time resting spent in this place.
 E = Time spent auto-exploring this place.
 F = Levels seen in this place.
 G = Mean time per level.
                   A        B        C        D        E       F      G
               +--------+--------+--------+--------+--------+-----+--------+
         Total |   1270 |   1231 |     39 |    339 |    787 |   2 |  635.0 |
       Dungeon |   1270 |   1231 |     39 |    339 |    787 |   2 |  635.0 |
               +--------+--------+--------+--------+--------+-----+--------+

Top non-repeatable levels by time:
     D:1: 1254 daAuts
     D:2: 15 daAuts
